 Dungeon Crawl Stone Soup version 0.21-a0-524-g614d7e5 (webtiles) character file.

200 Spazmo the Conjurer (level 5, -7/28 HPs)
             Began as a Deep Elf Conjurer on Dec 6, 2017.
             Shot with an arrow by a centaur (12 damage)
             ... on level 3 of the Dungeon.
             The game lasted 00:05:44 (2732 turns).

Spazmo the Conjurer (Deep Elf Conjurer)             Turns: 2732, Time: 00:05:44

Health: -7/28      AC:  2    Str:  5    XL:     5   Next: 48%
Magic:  4/15       EV: 13    Int: 21    God:
Gold:   113        SH:  0    Dex: 15    Spells: 4/15 levels left

rFire    . . .     SeeInvis .   l - +0 dagger (venom)
rCold    . . .     Gourm    .   (no shield)
rNeg     . . .     Faith    .   a - +0 robe
rPois    .         Spirit   .   (no helmet)
rElec    .         Reflect  .   (no cloak)
rCorr    .         Harm     .   (no gloves)
MR       .....                  (no boots)
Stlth    ++........             (no amulet)
HPRegen  0.09/turn              (no ring)
MPRegen  0.14/turn              (no ring)

@: no status effects
A: no striking features
a: no special abilities


You were on level 3 of the Dungeon.
You were hungry.

You visited 1 branch of the dungeon, and saw 3 of its levels.

You collected 113 gold pieces.

Inventory:

Hand Weapons
 l - a +0 dagger of venom (weapon)
Missiles
 f - 84 stones (quivered)
Armour
 a - a +0 robe (worn)
Scrolls
 e - 2 scrolls of enchant armour {unknown}
 g - a scroll of fear
 h - 2 scrolls of fog
 n - a scroll of blinking
 q - a scroll of remove curse
Potions
 i - 2 potions of agility
 j - a potion of curing
 k - 2 potions of haste
 o - a potion of lignification {unknown}
Books
 b - a book of Conjurations

   Spells                             Type                      Level
   a - Magic Dart                     Conjuration                  1
   b - Searing Ray                    Conjuration                  2
   c - Dazzling Spray                 Conjuration/Hexes            3
   d - Fulminant Prism                Conjuration/Hexes            4
   e - Force Lance                    Conjuration/Translocation    4
   f - Iskenderun's Mystic Blast      Conjuration                  4
Comestibles
 c - 5 bread rations
 d - 2 meat rations
 m - 4 chunks of flesh
 p - 2 royal jellies


   Skills:
 - Level 3.0 Dodging
 - Level 3.0 Stealth
 + Level 5.5 Spellcasting
 + Level 5.9 Conjurations


You had 4 spell levels left.
You knew the following spells:

 Your Spells              Type           Power        Failure   Level  Hunger
a - Magic Dart            Conj           ####         1%          1    None
b - Searing Ray           Conj           ####..       1%          2    None
c - Force Lance           Conj/Tloc      ###.....     30%         4    ####...
d - Iskenderun's Mystic   Conj           ####....     9%          4    ####...


Dungeon Overview and Level Annotations

Branches:
Dungeon (3/15)

Altars:
Okawaru
Uskayaw
The Shining One

Annotations:
D:3 Raine357's ghost, amateur DrWz; Sigmund


Message History

Sigmund flickers and vanishes!
Deactivating autopickup; reactivate with Ctrl-A.
Unknown command.
Casting: Iskenderun's Mystic Blast
Confirm with . or Enter, or press ? or * to list all spells.
Aiming: Iskenderun's Mystic Blast
Press: ? - help, Shift-Dir - straight line, f/p - centaur
Aim: a centaur (moderately wounded)
The orb of energy misses the centaur.
The orb of energy hits something.
The orb of energy explodes!
You are feeling hungry.
The centaur hits you. Something hits you.
* * * LOW HITPOINT WARNING * * *
The centaur barely misses you.
A rat comes into view.
The centaur wields a shortbow.
The centaur shoots an arrow.
The arrow closely misses you.
The centaur shoots an arrow.
The arrow closely misses you.
The centaur shoots an arrow.
The arrow hits you!
You die...

...#####.##.......###
.....................
...
...#####.###.......##
... #...# #.......##
.. #.### #......###
.. ##.# #.....รท...
#) #..# #......)##
#####.######.##
#........##
#.........#@.#
#.#.....###
#......c...(##
#.#....####
#.........### .
#.####... #..(......#
#. .##
#............... . ..
#.........#.#### ##
#.....r...#.#
#.......... # ##
#.........## ..


You could see a centaur and a rat.

Vanquished Creatures
  2 orc wizards (D:3)
  6 adders
  2 oozes
  3 worms
  A dart slug (D:1)
  A leopard gecko (D:2)
  9 orcs
  3 ball pythons
  4 bats
  A giant cockroach (D:2)
  3 goblins
  8 hobgoblins
  7 jackals (D:2)
  A quokka (D:2)
  4 frilled lizards
  5 kobolds
  5 rats
65 creatures vanquished.

Notes
Turn   | Place    | Note
-------+----------+-------------------------------------------
     0 | D:1      | Spazmo the Deep Elf Conjurer began the quest for the Orb.
     0 | D:1      | Reached XP level 1. HP: 10/10 MP: 6/6
   344 | D:1      | Reached XP level 2. HP: 15/15 MP: 6/8
   348 | D:1      | Learned a level 2 spell: Searing Ray
   956 | D:2      | Reached XP level 3. HP: 19/19 MP: 6/10
  1188 | D:2      | Reached skill level 5 in Conjurations
  1469 | D:2      | Reached XP level 4. HP: 24/24 MP: 3/12
  1479 | D:2      | Learned a level 4 spell: Force Lance
  1484 | D:2      | Learned a level 4 spell: Iskenderun's Mystic Blast
  2152 | D:2      | Found a glowing golden altar of the Shining One.
  2152 | D:2      | Found an iron altar of Okawaru.
  2187 | D:3      | Found a hide-covered altar of Uskayaw.
  2247 | D:3      | Noticed Raine357's ghost (amateur DrWz)
  2249 | D:3      | Reached skill level 5 in Spellcasting
  2266 | D:2      | Reached XP level 5. HP: 20/28 MP: 6/14
  2725 | D:3      | Noticed a centaur
  2725 | D:3      | Noticed Sigmund
  2732 | D:3      | Shot with an arrow by a centaur

Vault maps used:
D:1:      giann_wishing_wells, serial_park_tiny_2, serial_park_tiny_1,
          minmay_misc_feat_iff
D:2:      amethyst_overflow_temple_binary, first_bread
D:3:      cheibrodos_helix_gallery, nicolae_overflow_crystal_walls,
          eat_drink_and_be_merry_uskayaw, uniq_sigmund, uniq_terence

Skill      XL: |  1  2  3  4 |
---------------+-------------+-----
Stealth        | 3 |  3.0
Dodging        | 3 |  3.0
Spellcasting   | 4 5 |  5.5
Conjurations   | 5 |  5.9

Action                   |  1- 3 |  4- 6 || total
-------------------------+-------+-------++-------
Melee: Short sword       |     1 |       ||     1
 Cast: Magic Dart        |    67 |    73 ||   140
       Searing Ray       |     2 |     1 ||     3
       Iskenderun's Myst |       |     2 ||     2
  Use: Scroll            |     3 |     3 ||     6
       Potion            |     1 |     1 ||     2
  Eat: Chunk             |     1 |     4 ||     5
Armor: Robe              |     2 |     1 ||     3
Dodge: Dodged            |     9 |    14 ||    23

Table legend:
 A = Spawn XP
 B = Non-spawn XP
 C = Spawn XP percentage of total XP
 D = Spawn monster count
 E = Non-spawn monster count
 F = Spawn count percentage of total count
 G = Total turns spent on level
                    A         B        C        D         E        F      G
               +---------+---------+-------+---------+---------+-------+---------
         Total |       0 |     286 |   0.0 |       0 |      65 |   0.0 |  2732
               +---------+---------+-------+---------+---------+-------+---------
           D:1 |       0 |      30 |   0.0 |       0 |      14 |   0.0 |   946
           D:2 |       0 |     129 |   0.0 |       0 |      33 |   0.0 |  1383
           D:3 |       0 |     127 |   0.0 |       0 |      18 |   0.0 |   403
               +---------+---------+-------+---------+---------+-------+---------
